 Dungeon Sprint DCSS version 0.21-a0-351-g38363bb (webtiles) character file.

1774 Kidiri the Fighter (level 9, -1/92 HPs)
             Began as a Naga Fighter on Oct 9, 2017.
             Was a Priest of Cheibriados.
             Slain by a demonic crawler (2 damage)
             ... summoned by a deep elf mage
             ... in the Dungeon (Sprint V: "Ziggurat Sprint").
             The game lasted 00:02:50 (185 turns).

Kidiri the Fighter (Naga Fighter)                    Turns: 185, Time: 00:02:51

Health: -1/92      AC: 26    Str: 36    XL:     9   Next: 7%
Magic:  11/11      EV:  5    Int: 16    God:    Cheibriados [***...]
Gold:   0          SH: 32    Dex: 25    Spells: 11/11 levels left

rFire    . . .     SeeInvis +   a - +14 obsidian axe {chop, +Fly SInv *Curse} (curse)
rCold    . . .     Gourm    .   c - +18 shield of the Gong {rElec rN+ MR+ EV-5}
rNeg     + . .     Faith    .   b - +15 Maxwell's patent armour {-Cast -Tele rElec MR+ rCorr}
rPois    +         Spirit   .   (no helmet)
rElec    +         Reflect  .   (no cloak)
rCorr    +         Harm     .   (no gloves)
MR       +++..     NoTele   +   (no barding) Stlth ..........NoCast +
                                (no amulet)
HPRegen  0.25/turn              H - +6 ring of strength
MPRegen  0.12/turn              D - +6 ring of dexterity

@: mesmerised, very slow
A: see invisible, deformed body, poison resistance, slowness 2, slow metabolism
1, spit poison 1, AC +3
a: Spit Poison, Bend Time, Temporal Distortion, Renounce Religion, Evoke Flight


You were in the Dungeon.
You worshipped Cheibriados.
Cheibriados was most pleased with you.
You were not hungry.

You visited 1 branch

Inventory:

Hand Weapons
 a - the cursed +14 obsidian axe (weapon) {chop, +Fly SInv *Curse}
   (You found it in the Dungeon)

   It inflicts extra damage upon your enemies.
   It lets you see invisible.
   It lets you fly.
   It curses itself when equipped.
   It has a curse placed upon it.
Armour
 b - the +15 Maxwell's patent armour (worn) {-Cast -Tele rElec MR+ rCorr}
   (You found it in the Dungeon)

   It insulates you from electricity.
   It affects your resistance to hostile enchantments.
   It prevents spellcasting.
   It prevents most forms of teleportation.
   It protects you from acid and corrosion.
 c - the +18 shield of the Gong (worn) {rElec rN+ MR+ EV-5}
   (You found it in the Dungeon)

   It affects your evasion (-5).
   It insulates you from electricity.
   It protects you from negative energy.
   It affects your resistance to hostile enchantments.
Jewellery
 D - a +6 ring of dexterity (right hand)
 H - a +6 ring of strength (left hand)
Wands
 y - a wand of disintegration (7/24)
 A - a wand of iceblast (5/15)
 B - a wand of lightning (5/15)
 C - a wand of acid (5/15)
Scrolls
 k - 4 scrolls of blinking
 n - 4 scrolls of amnesia
 o - 3 scrolls of recharging
 p - 7 scrolls of fog
 q - a scroll of holy word
 r - 5 scrolls of identify
 s - 5 scrolls of remove curse
 t - 2 scrolls of fear
Potions
 d - 6 potions of might
 e - 10 potions of curing
 g - 10 potions of heal wounds
 i - 7 potions of magic
 u - 2 potions of brilliance
 v - 2 potions of invisibility
 w - 4 potions of resistance
 z - 5 potions of agility
Comestibles
 f - 5 bread rations
 l - 42 fruits
 m - 4 meat rations


   Skills:
 * Level 9.4 Fighting
 * Level 9.2 Axes
 + Level 5.2 Throwing
 * Level 7.9 Armour
 + Level 5.4 Dodging
 * Level 7.9 Shields
 - Level 1.7 Spellcasting


You had 11 spell levels left.
You didn't know any spells.

Dungeon Overview and Level Annotations

Branches:
Dungeon (1/1)

Altars:
Ashenzari
Cheibriados
Dithmenos
Elyvilon
Fedhas
Gozag
Hepliaklqana
Kikubaaqudgha
Makhleb
Nemelex Xobeh
Okawaru
Qazlal
Ru
Sif Muna
Trog
Uskayaw
Vehumet
Wu Jian
Xom
Yredelemnul
Zin
The Shining One
Beogh
Jiyva
Lugonu

Annotations:
D 1 transporter


Innate Abilities, Weirdness & Mutations

You cannot wear boots.
Your serpentine skin is tough. (AC +3)
You have supernaturally acute eyesight. (SInv)
Armour fits poorly on your strangely shaped body.
Your system is resistant to poisons. (rPois)
You cover ground very slowly.
You have a slow metabolism.
You can spit poison.


Message History

You slice the deep elf mage!!
The deep elf mage is almost dead.
You hit the demonic crawler but do no damage.
You slice the hellwing!! You barely miss the redback.
You hit the deep elf archer.
You kill the deep elf archer!
Cheibriados thoroughly appreciates the change of pace.
Cheibriados raises the support of your attributes as your movement slows. x2
Your Axes skill increases to level 9!
Your Throwing skill increases to level 5!
You have reached level 9!
Your experience leads to an increase in your attributes!
Your base attributes are Str 21, Int 8, Dex 11.
Increase (S)trength, (I)ntelligence, or (D)exterity?
You feel stronger.
Your skin feels tougher.
The redback bites you but does no damage.
You block the demonic crawler's attack.
PTOANNNG!
The demonic crawler hits you.
You die...

▓▓▓▓▓▓▓▓▓▓▓▓▓▓▓▓▓▓▓
▓.8©8.▓.8©8.▓.8©8.▓
▓.))[.▓.))).▓.....▓
▓..:..▓.....▓.).).▓
▓...4.▓.....▓.....▓
▓.)s).▓.....▓.....▓
▓..@4.▓....%▓..©..▓
▓..es.▓..©..▓▓▓▓▓▓▓
▓▓▓▓▓▓▓▓▓▓▓▓▓


You could see a demonic crawler, a hellwing, a deep elf mage, a red devil and a
redback.

Vanquished Creatures
  A dancing weapon (D)
  2 deep elf archers (D)
  2 insubstantial wisps (D)
  2 river rats (D)
  A jackal (D)
8 creatures vanquished.

Notes
Turn   | Place    | Note
-------+----------+-------------------------------------------
     0 | D        | Found the +6 Majin-Bo {vamp, Archmagi MP+6 Int+6}
     0 | D        | Found the +7 great mace "Firestarter" {inner flame, rF++}
     0 | D        | Kidiri the Naga Fighter began the quest for the Orb.
     0 | D        | Reached XP level 1. HP: 21/21 MP: 1/1
     0 | D        | Found a deep blue altar of Sif Muna.
     0 | D        | Found a bloodstained altar of Trog.
     0 | D        | Found a sacrificial altar of Ru.
     0 | D        | Found a stormy altar of Qazlal.
     0 | D        | Found an iron altar of Okawaru.
     2 | D        | Found a sparkling altar of Nemelex Xobeh.
     3 | D        | Found an ancient bone altar of Kikubaaqudgha.
     3 | D        | Found a transporter.
     3 | D        | Found a corrupted altar of Lugonu.
     3 | D        | Found a viscous altar of Jiyva.
     3 | D        | Found a burning altar of Makhleb.
     3 | D        | Found a hazy altar of Hepliaklqana.
     3 | D        | Found an opulent altar of Gozag.
    11 | D        | Found the +9 heavy crossbow "Sniper" {velocity, Acc+∞ SInv}
    11 | D        | Found the +10 dark maul {crush}
    11 | D        | Found the +15 Maxwell's patent armour {-Cast -Tele rElec MR+ rCorr}
    11 | D        | Found the +18 shield of the Gong {rElec rN+ MR+ EV-5}
    11 | D        | Found the cursed +14 obsidian axe {chop, +Fly SInv *Curse}
    37 | D        | Found a blossoming altar of Fedhas.
    54 | D        | Became a worshipper of Cheibriados the Contemplative
    97 | D        | Reached skill level 1 in Spellcasting
    97 | D        | Reached XP level 2. HP: 30/30 MP: 1/4
   104 | D        | Entered arena 2.
   104 | D        | Noticed an insubstantial wisp
   104 | D        | Noticed an insubstantial wisp
   104 | D        | Found a transporter.
   106 | D        | Killed an insubstantial wisp
   106 | D        | Reached skill level 5 in Fighting
   106 | D        | Reached skill level 5 in Axes
   106 | D        | Reached skill level 1 in Throwing
   106 | D        | Reached XP level 3. HP: 39/39 MP: 2/5
   106 | D        | Reached XP level 4. HP: 46/46 MP: 2/6
   106 | D        | Reached XP level 5. HP: 52/52 MP: 2/7
   106 | D        | Killed an insubstantial wisp
   106 | D        | Reached skill level 5 in Armour
   106 | D        | Reached skill level 5 in Shields
   106 | D        | Reached XP level 6. HP: 63/63 MP: 2/8
   158 | D        | Entered arena 3.
   158 | D        | Found a transporter.
   161 | D        | Reached * piety under Cheibriados
   161 | D        | Reached ** piety under Cheibriados
   177 | D        | Entered arena 4.
   177 | D        | Noticed a war axe of chopping
   177 | D        | Noticed a deep elf archer
   177 | D        | Noticed a deep elf archer
   177 | D        | Noticed a deep elf mage
   177 | D        | Found a transporter.
   179 | D        | Noticed a demonic crawler
   179 | D        | Noticed a tarantella
   179 | D        | Noticed a redback
   180 | D        | Noticed a red devil
   183 | D        | Killed a war axe of chopping
   183 | D        | Reached XP level 7. HP: 23/74 MP: 9/9
   183 | D        | Reached XP level 8. HP: 25/81 MP: 10/10
   184 | D        | Noticed a hellwing
   184 | D        | Killed a deep elf archer
   184 | D        | Reached *** piety under Cheibriados
   184 | D        | Reached skill level 5 in Dodging
   184 | D        | HP: 1/85 [red devil/trident[a deep elf mage] (11)]
   185 | D        | Killed a deep elf archer
   185 | D        | Reached skill level 5 in Throwing
   185 | D        | Reached XP level 9. HP: 1/92 MP: 11/11
   185 | D        | Slain by a demonic crawler

Vault maps used:
D:        sprint_v

Skill      XL: |  1  2  3  4  5  6  7  8 |
---------------+-------------------------+-----
Fighting       | 4 5 6 8 9 |  9.4
Axes           | 3 5 7 9 |  9.2
Armour         | 3 4 5 6 7 |  7.9
Dodging        | 2 3 4 5 |  5.4
Shields        | 3 4 5 6 7 |  7.9
Spellcasting   | 1 |  1.7
Throwing       | 1 2 4 5 |  5.2

Action                   |  1- 3 |  4- 6 |  7- 9 || total
-------------------------+-------+-------+-------++-------
Melee: Broad axe         |     1 |    12 |     2 ||    15
  Use: Potion            |     1 |       |       ||     1
Armor: Plate armour      |       |    17 |     9 ||    26
Dodge: Dodged            |       |     3 |       ||     3
Block: Shield            |     3 |    25 |     9 ||    37

Table legend:
 A = Spawn XP
 B = Non-spawn XP
 C = Spawn XP percentage of total XP
 D = Spawn monster count
 E = Non-spawn monster count
 F = Spawn count percentage of total count
 G = Total turns spent on level
                    A         B        C        D         E        F      G
               +---------+---------+-------+---------+---------+-------+---------
         Total |       0 |    2525 |   0.0 |       0 |       8 |   0.0 |   185
               +---------+---------+-------+---------+---------+-------+---------
             D |       0 |    2525 |   0.0 |       0 |       8 |   0.0 |   185
               +---------+---------+-------+---------+---------+-------+---------
